 Dungeon Crawl Stone Soup version 0.24-a0-123-ga2403f3 (webtiles) character file.

Game seed: 8997501779205371266

163132 XanderDroid the Executioner (level 17, 0/158 HPs)
             Began as a Minotaur Berserker on Jan 28, 2019.
             Was the Champion of Trog.
             Killed from afar by a shock serpent (5 damage)
             ... with an electric aura
             ... on level 2 of the Snake Pit on Feb 20, 2019.
             The game lasted 01:56:41 (32288 turns).

XanderDroid the Executioner (Minotaur Berserker)   Turns: 32288, Time: 01:56:42

Health: 0/158      AC: 25    Str: 27    XL:     17   Next: 23%
Magic:  5/16       EV: 12    Int:  4    God:    Trog [******]
Gold:   876        SH:  0    Dex: 12    Spells: 16/16 levels left

rFire    . . .     SeeInvis +   a - +2 executioner's axe (freeze)
rCold    . . .     Gourm    .   (shield currently unavailable)
rNeg     + . .     Faith    .   F - +0 plate armour
rPois    +         Spirit   .   f - +2 hat {SInv}
rElec    .         Reflect  .   l - +2 cloak
rCorr    .         Harm     .   Q - +1 pair of gloves of a ziggurat {Regen+}
MR       ++++.     Clarity  +   (no boots)
Stlth    ..........             v - amulet of the Four Winds {rN+ MR+++ Clar}
HPRegen  0.76/turn              I - ring of poison resistance
MPRegen  0.15/turn              r - ring of see invisible

@: about to teleport, constricted
A: retaliatory headbutt, horns 2
a: Berserk, Trog's Hand, Brothers in Arms, Renounce Religion


You were on level 2 of the Snake Pit.
You worshipped Trog.
Trog was exalted by your worship.
You were not hungry.

You visited 5 branches of the dungeon, and saw 27 of its levels.
You also visited: Volcano.

You collected 2936 gold pieces.
You spent 2060 gold pieces at shops.

Inventory:

Hand Weapons
 a - a +2 executioner's axe of freezing (weapon)
 b - a +4 battleaxe of flaming
 d - a +3 antimagic battleaxe
Missiles
 E - 6 throwing nets (quivered)
Armour
 f - a +2 hat of see invisible (worn)
 l - a +2 cloak (worn)
 F - a +0 plate armour (worn)
 H - a +0 chain mail of fire resistance
 Q - the +1 pair of gloves of a ziggurat (worn) {Regen+}
   (You bought it in a shop on level 2 of the Orcish Mines)

   It increases your rate of regeneration.
Jewellery
 r - a ring of see invisible (right hand)
 v - the amulet of the Four Winds (around neck) {rN+ MR+++ Clar}
   (You bought it in a shop on level 10 of the Dungeon)

   [amulet of nothing]

   It protects you from negative energy.
   It affects your resistance to hostile enchantments.
   It protects you against confusion.
 B - an uncursed ring of resist corrosion
 G - an uncursed ring of flight
 I - a ring of poison resistance (left hand)
 L - an uncursed ring of protection from cold
Wands
 h - a wand of disintegration (20)
 y - a wand of iceblast (37)
 J - a wand of flame (38)
Scrolls
 k - 12 scrolls of identify
 m - 8 scrolls of remove curse
 n - 7 scrolls of immolation
 o - 4 scrolls of magic mapping
 t - a scroll of brand weapon
 u - 5 scrolls of fog
 x - 3 scrolls of enchant weapon
 D - 4 scrolls of blinking
 K - 14 scrolls of teleportation
 N - a scroll of enchant armour
Potions
 e - 4 potions of mutation
 i - 3 potions of curing
 j - 3 potions of haste
 p - 3 potions of resistance
 q - a potion of ambrosia
 s - a potion of heal wounds
 w - 2 potions of invisibility
 z - 3 potions of lignification
 C - 7 potions of cancellation
Miscellaneous
 g - a phantom mirror
Comestibles
 c - 54 rations


   Skills:
 + Level 15.8 Fighting
 * Level 21.6 Axes
 + Level 15.7 Armour
 + Level 14.5 Dodging


You had 16 spell levels left.
You didn't know any spells.
Your spell library was empty.

Dungeon Overview and Level Annotations

Branches:
Dungeon (15/15)            Temple (1/1) D:5            Lair (6/6) D:8
 Shoals (0/4) Lair:2        Snake (3/4) Lair:3        Slime (0/5) Lair:6
    Orc (2/2) D:11            Elf (0/3) Orc:2        Vaults (0/5) D:13
 Depths (0/5) D:15

Altars:
Ashenzari
Cheibriados
Dithmenos
Elyvilon
Fedhas
Gozag
Hepliaklqana
Kikubaaqudgha
Makhleb
Nemelex Xobeh
Okawaru
Qazlal
Ru
Sif Muna
Trog
Uskayaw
Vehumet
Wu Jian
Xom
Yredelemnul
Zin
The Shining One
Beogh

Shops:
D:4 :*?(?   D:7 %   D:10 =   D:13 *   D:14 :   Orc:2 [%[=*

Portals:
Trove: D:10 (give 4 scrolls of blinking)

Annotations:
Snake:3 Bai Suzhen


Innate Abilities, Weirdness & Mutations

You reflexively headbutt those who attack you in melee.
You have a pair of horns on your head.


Message History

The anaconda constricts you.
The shock serpent completely misses you.
You furiously retaliate!
You headbutt the shock serpent.
You feel much better. The anaconda misses you.
* * * LOW HITPOINT WARNING * * *
The anaconda constricts you. The shock serpent bites you!
* * * LOW HITPOINT WARNING * * *
The shock serpent shocks you!
* * * LOW HITPOINT WARNING * * *
The anaconda misses you. The anaconda constricts you.
As you read the scroll of teleportation, it crumbles to dust.
You feel strangely unstable. The shock serpent bites you.
* * * LOW HITPOINT WARNING * * *
The shock serpent shocks you!
* * * LOW HITPOINT WARNING * * *
The anaconda bites you but does no damage.
The anaconda constricts you. The shock serpent closely misses you.
You furiously retaliate!
You headbutt the shock serpent!
The shock serpent's electric aura discharges, shocking you!
You die...

##.#######'#)......#...#.....#[#<
...# #.....#.####..##..?.#.##
...# ####....# #...#....#... ...#
#.#..# #.>.#....#### ...# #.#)[#
#...#....#### ...#
#.#..########'#.#<...
...##########.#)..[# #.#.#####
##.........##.##S#.# #.#......
#########.##..S@#.# #.####### ##
#.#####†#.# #.# .# #.# #.#.# #.#
.# #.# #.#)# #.# .# #.#####.#.#
#.# .# #......)#.# #.# .###
#..######.######.## ...#
#.........#.......###### .#.#
##.######...............


You could see an anaconda and a shock serpent.

Vanquished Creatures
  Rupert (Snake:1)
  Gastronok (D:10)
  The ghost of Seochur the Cleaver, a journeyman MiBe of Trog (Lair:5)
  An ettin (Orc:2)
  Harold (D:8)
  A yaktaur captain (D:15)
  Fannar (D:10)
  9 vault guards
  7 naga warriors
  6 hydras
  5 centaur warriors
  7 anacondas
  22 two-headed ogres
  A merfolk avatar (Lair:6)
  Erica (D:8)
  4 ogre magi
  2 shock serpents (Snake:2)
  2 naga sharpshooters (Snake:1)
  Sonja (D:10)
  A fire crab (Lair:4)
  A sixfirhy (D:9)
  A sea snake (Lair:6)
  An unseen horror (D:11)
  2 naga ritualists
  Pikel (D:6)
  A harpy (shapeshifter) (D:14)
  A wolf spider zombie (D:14)
  2 deep elf magi
  2 orc knights
  5 ugly things
  5 mana vipers
  5 cyclopes
  4 oklob plants (Lair:5)
  8 manticores
  3 elephants
  3 salamanders
  Maurice (Orc:1)
  2 guardian serpents
  7 naga magi
  Joseph (D:8)
  Psyche (D:10)
  27 black mambas
  3 gargoyles
  9 spiny frogs
  A torpor snail (Lair:5)
  6 rime drakes
  A yaktaur (D:15)
  An efreet (D:14)
  2 kobold demonologists
  A freezing wraith (D:12)
  A merfolk (Lair:2)
  15 komodo dragons
  5 trolls
  3 polar bears
  5 hornets
  5 slime creatures (D:14)
  3 blink frogs (Lair:5)
  14 hippogriffs
  A centaur simulacrum (D:15)
  5 wyverns
  A spriggan (D:7)
  A shadow (D:15)
  4 basilisks
  46 yaks
  2 fire elementals (Volcano)
  4 hungry ghosts
  A steam dragon (D:13)
  A warg (Orc:1)
  13 nagas
  An acid dragon (D:12)
  19 water moccasins
  5 porcupines
  22 orc warriors
  7 ice beasts
  A sky beast (D:9)
  4 slaves
  A phantom (D:9)
  A necrophage (D:10)
  A black bear (D:9)
  31 ogres
  6 wolves (Lair:3)
  18 centaurs
  9 crocodiles
  5 big kobolds (D:12)
  An earth elemental (D:13)
  15 bullfrogs
  A wyvern skeleton (D:13)
  4 scorpions
  16 killer bees
  10 wights
  4 electric eels
  13 howler monkeys
  8 crimson imps
  A quasit (D:13)
  5 centaur zombies
  16 orc priests
  7 hounds
  6 jellies
  3 bullfrog skeletons
  3 centaur skeletons
  A gnoll shaman (D:6)
  Terence (D:3)
  7 iguanas
  24 orc wizards
  6 hell rats (Lair:6)
  8 worker ants
  A howler monkey zombie (D:9)
  Robin (D:3)
  8 gnolls
  13 adders
  8 shadow imps
  A white imp (D:10)
  4 oozes
  An adder skeleton (D:5)
  An adder zombie (D:6)
  2 dart slugs
  2 leopard geckos
  100 orcs
  6 giant cockroaches
  15 goblins
  13 hobgoblins
  9 jackals
  4 quokkas
  3 ball pythons
  A ball python skeleton (D:4)
  7 bats
  9 frilled lizards
  3 kobolds
  A leopard gecko skeleton (D:7)
  2 quokka skeletons
  A quokka zombie (D:6)
  8 rats
  6 fungi
  11 plants
845 creatures vanquished.

Vanquished Creatures (others)
  An ogre (Orc:2)
  An orc (Orc:2)
  3 bushes (Lair:6)
  10 fungi
  15 plants
30 creatures vanquished.

Grand Total: 875 creatures vanquished

Notes
Turn   | Place    | Note
-------+----------+-------------------------------------------
     0 | D:1      | XanderDroid the Minotaur Berserker began the quest for the
                  | Orb.
     0 | D:1      | Reached XP level 1. HP: 19/19 MP: 0/0
   278 | D:1      | Reached XP level 2. HP: 21/27 MP: 1/1
   313 | D:1      | Reached skill level 4 in Axes
   777 | D:2      | Reached XP level 3. HP: 31/33 MP: 2/2
   826 | D:2      | Reached ** piety under Trog
  1245 | D:2      | Found an ornate altar of the Wu Jian Council.
  1247 | D:2      | Reached XP level 4. HP: 40/40 MP: 3/3
  1584 | D:3      | Noticed Terence
  1591 | D:3      | Killed Terence
  1591 | D:3      | Reached skill level 5 in Axes
  1731 | D:3      | Reached XP level 5. HP: 45/47 MP: 4/4
  1752 | D:3      | Reached *** piety under Trog
  1753 | D:3      | Noticed Robin
  1759 | D:3      | Killed Robin
  2125 | D:3      | Found a basalt altar of Yredelemnul.
  2310 | D:3      | Found a sparkling altar of Nemelex Xobeh.
  2310 | D:3      | Found a deep blue altar of Sif Muna.
  2310 | D:3      | Found a bloodstained altar of Trog.
  2311 | D:3      | Found a shimmering altar of Xom.
  2554 | D:4      | Noticed an ogre
  2563 | D:4      | Killed an ogre
  2563 | D:4      | Reached XP level 6. HP: 55/55 MP: 5/5
  2623 | D:4      | Found Agroteod's Antique Weapon Shoppe.
  2637 | D:4      | Found Amupne's Magic Scroll Boutique.
  2687 | D:4      | Reached skill level 6 in Axes
  2706 | D:4      | Found Jus Muph's General Store.
  2713 | D:4      | Found Bofad's Book Shop.
  2951 | D:4      | Reached skill level 5 in Fighting
  3217 | D:4      | Found Suden's Magic Scroll Shoppe.
  3288 | D:4      | Found a glowing golden altar of the Shining One.
  3290 | D:4      | Received a gift from Trog
  3290 | D:4      | Reached XP level 7. HP: 61/61 MP: 6/6
  3439 | D:5      | Entered Level 5 of the Dungeon
  3549 | D:5      | Reached skill level 7 in Axes
  3802 | D:5      | Reached skill level 5 in Armour
  3803 | D:5      | Reached **** piety under Trog
  4052 | D:5      | Found a staircase to the Ecumenical Temple.
  4340 | Temple   | Entered the Ecumenical Temple
  4537 | D:4      | Bought a runed broad axe for 189 gold pieces
  4671 | D:6      | Noticed Pikel
  4741 | D:6      | Reached XP level 8. HP: 70/70 MP: 7/7
  4909 | D:6      | Reached skill level 8 in Axes
  4909 | D:6      | Reached skill level 5 in Dodging
  4912 | D:6      | Killed Pikel
  5061 | D:6      | Reached skill level 9 in Axes
  5475 | D:6      | Found an ancient bone altar of Kikubaaqudgha.
  5477 | D:6      | Found a blossoming altar of Fedhas.
  5708 | D:4      | Bought a potion of heal wounds for 55 gold pieces
  5708 | D:4      | Bought a potion of flight for 33 gold pieces
  5857 | D:6      | Upgraded the game from 0.23-a0-890-gc183402 to
                  | 0.23-a0-899-gbbae0a3
  5859 | D:7      | Found a stormy altar of Qazlal.
  5910 | D:7      | Reached XP level 9. HP: 56/79 MP: 8/8
  6025 | D:7      | Reached ***** piety under Trog
  6120 | D:7      | Reached skill level 10 in Axes
  6349 | D:7      | Reached skill level 11 in Axes
  6472 | D:7      | Found Bomoleysch's Food Shop.
  6919 | D:4      | Bought a scroll of fog for 22 gold pieces
  6919 | D:4      | Bought a scroll of teleportation for 33 gold pieces
  6919 | D:4      | Bought a scroll of teleportation for 33 gold pieces
  6919 | D:4      | Bought a scroll of magic mapping for 38 gold pieces
  7050 | D:8      | Noticed Harold
  7050 | D:8      | Noticed a two-headed ogre
  7069 | D:7      | Killed a two-headed ogre
  7069 | D:7      | Reached XP level 10. HP: 28/90 MP: 9/9
  7334 | D:8      | Killed Harold
  7486 | D:8      | Received a gift from Trog
  7663 | D:8      | Found a staircase to the Lair.
  7668 | D:8      | Reached skill level 12 in Axes
  7750 | D:8      | Noticed Joseph
  7767 | D:8      | Killed Joseph
  7788 | D:8      | Noticed Erica
  7810 | D:8      | Killed Erica
  8487 | D:8      | Found a bloodstained altar of Trog.
  8919 | D:8      | Reached XP level 11. HP: 97/99 MP: 10/10
  9040 | D:9      | Reached skill level 13 in Axes
  9360 | D:9      | Got a pair of dazzling gloves
  9362 | D:9      | Noticed a cyan ugly thing
  9380 | D:9      | Killed a cyan ugly thing
  9414 | D:9      | Identified the -5 pair of gloves of Daisies {rPois rN+
                  | Regen+ rCorr} (You found it on level 9 of the Dungeon)
  9436 | D:9      | Found a runed translucent door.
  9437 | D:9      | Noticed a sixfirhy
  9741 | D:10     | Entered Level 10 of the Dungeon
  9750 | D:10     | Reached skill level 10 in Fighting
  9817 | D:10     | Noticed Sonja
  9829 | D:10     | Noticed Psyche
  9885 | D:10     | Noticed a two-headed ogre
  9891 | D:10     | Received a gift from Trog
  9897 | D:10     | Killed a two-headed ogre
 10069 | D:10     | Noticed a vault guard
 10085 | D:10     | Killed a vault guard
 10085 | D:10     | Reached skill level 10 in Armour
 10085 | D:10     | Paralysed by fainting for 10 turns
 10267 | D:10     | Found a hazy altar of Hepliaklqana.
 10407 | D:10     | Killed Psyche
 10577 | D:10     | Noticed Gastronok
 10607 | D:10     | Reached skill level 14 in Axes
 10616 | D:10     | Killed Gastronok
 10653 | D:10     | Found Tezxam's Jewellery Boutique.
 10772 | D:10     | Found a portal to a secret trove of treasure.
 11106 | D:11     | Noticed an unseen horror
 11117 | D:11     | Killed an unseen horror
 11161 | D:11     | Found a staircase to the Orcish Mines.
 11206 | D:11     | Found a roughly hewn altar of Beogh.
 11340 | D:11     | Reached XP level 12. HP: 42/109 MP: 11/11
 11463 | D:11     | Reached skill level 10 in Dodging
 11571 | D:11     | Found a roughly hewn altar of Beogh.
 11577 | D:11     | Received a gift from Trog
 11687 | D:11     | Noticed a two-headed ogre
 11699 | D:11     | Killed a two-headed ogre
 12095 | D:11     | Reached skill level 15 in Axes
 12266 | D:11     | Noticed a two-headed ogre
 12270 | D:11     | Killed a two-headed ogre
 12446 | D:10     | Noticed Fannar
 12878 | Lair:1   | Entered Level 1 of the Lair of Beasts
 13040 | Lair:1   | Found a dark tunnel.
 13078 | Volcano  | Entered a volcano
 13211 | Lair:1   | Noticed an eight-headed hydra
 13219 | Lair:1   | Killed a five-headed hydra
 13957 | Lair:2   | You fall through a shaft!
 14254 | Lair:2   | Reached skill level 16 in Axes
 14276 | Lair:2   | Found the +8 whip "Snakebite" {curare, rPois}
 14434 | Lair:2   | Found a staircase to the Shoals.
 14754 | D:10     | Bought the amulet of the Four Winds {rN+ MR+++ Clar} for
                  | 570 gold pieces
 14754 | D:10     | Found the amulet of the Four Winds {rN+ MR+++ Clar}
 14896 | Lair:3   | Found a staircase to the Snake Pit.
 14919 | Lair:3   | Reached XP level 13. HP: 71/117 MP: 12/12
 14919 | Lair:3   | Received a gift from Trog
 16195 | Lair:4   | You fall through a shaft!
 16276 | Lair:5   | Found a runed translucent gate.
 16287 | Lair:5   | Noticed Seochur's ghost (journeyman MiBe)
 16288 | Lair:5   | Found a runed translucent gate.
 16290 | Lair:5   | Found a runed translucent gate.
 18611 | Lair:5   | Reached skill level 17 in Axes
 18612 | Lair:5   | HP: 5/118 [acid (7)]
 19137 | Lair:5   | Killed Seochur's ghost
 19215 | Lair:6   | Entered Level 6 of the Lair of Beasts
 19894 | Lair:6   | Found a staircase to the Slime Pits.
 20047 | Lair:6   | Reached XP level 14. HP: 81/129 MP: 13/13
 20424 | Lair:6   | Reached ****** piety under Trog
 20691 | Lair:6   | Reached skill level 18 in Axes
 21642 | Lair:6   | Received a gift from Trog
 22005 | D:10     | Killed Fannar
 22153 | D:10     | Killed Sonja
 22174 | D:10     | Found a deep blue altar of Sif Muna.
 22315 | D:11     | Upgraded the game from 0.23-a0-899-gbbae0a3 to
                  | 0.24-a0-7-g1bb0902
 22316 | Orc:1    | Entered Level 1 of the Orcish Mines
 22509 | Orc:2    | Entered Level 2 of the Orcish Mines
 22509 | Orc:2    | Found a staircase to the Elven Halls.
 24666 | Orc:2    | Received a gift from Trog
 24800 | Orc:2    | Reached skill level 19 in Axes
 24907 | Orc:2    | Found Kerch's Armour Shop.
 24919 | Orc:2    | Bought the +1 pair of gloves of a ziggurat {Regen+} for 214
                  | gold pieces
 25033 | Orc:1    | Found a bloodstained altar of Trog.
 25033 | Orc:1    | Noticed Maurice
 25041 | Orc:1    | Killed Maurice
 25653 | D:4      | Bought a potion of lignification for 33 gold pieces
 25653 | D:4      | Bought a phantom mirror for 330 gold pieces
 25653 | D:4      | Bought a scroll of identify for 22 gold pieces
 25691 | D:4      | Bought a scroll of blinking for 82 gold pieces
 25745 | D:4      | Bought a scroll of identify for 20 gold pieces
 25745 | D:4      | Bought a scroll of immolation for 35 gold pieces
 25745 | D:4      | Bought a scroll of remove curse for 30 gold pieces
 25745 | D:4      | Bought a scroll of immolation for 35 gold pieces
 25745 | D:4      | Bought a scroll of magic mapping for 35 gold pieces
 25745 | D:4      | Bought a scroll of teleportation for 30 gold pieces
 25749 | D:4      | Reached XP level 15. HP: 138/138 MP: 14/14
 25976 | Orc:2    | Found Sots's Jewellery Emporium.
 25976 | Orc:2    | Found Jublet's Food Boutique.
 26008 | Orc:2    | Found Seseec's General Store.
 26008 | Orc:2    | Found Awiosevo's Armour Emporium.
 26038 | Orc:2    | Bought a scroll of teleportation for 51 gold pieces
 26044 | Orc:2    | Bought a potion of agility for 68 gold pieces
 26069 | Orc:2    | Bought 2 scrolls of identify for 68 gold pieces
 26069 | Orc:2    | Bought a scroll of identify for 34 gold pieces
 26308 | D:12     | Reached XP level 16. HP: 137/147 MP: 15/15
 26884 | D:12     | Reached skill level 20 in Axes
 27348 | D:13     | Received a gift from Trog
 27446 | D:13     | Found a gate to the Vaults.
 27830 | D:13     | Found Huimal's Pet Rocks.
 27924 | D:13     | Upgraded the game from 0.24-a0-7-g1bb0902 to
                  | 0.24-a0-10-gb84795d
 28125 | D:14     | Found Otyreg's Book Shoppe.
 28191 | D:14     | Reached skill level 15 in Fighting
 28494 | D:15     | Entered Level 15 of the Dungeon
 28554 | D:15     | Found a staircase to the Depths.
 28566 | D:15     | Reached skill level 15 in Armour
 28674 | D:15     | Found an iron altar of Okawaru.
 29615 | Lair:3   | Upgraded the game from 0.24-a0-10-gb84795d to
                  | 0.24-a0-67-ga78bd38
 29615 | Lair:3   | Upgraded the game from 0.24-a0-67-ga78bd38 to
                  | 0.24-a0-102-g7635c99
 29615 | Lair:3   | Upgraded the game from 0.24-a0-102-g7635c99 to
                  | 0.24-a0-117-g53b5160
 29615 | Lair:3   | Upgraded the game from 0.24-a0-117-g53b5160 to
                  | 0.24-a0-120-g429d40e
 29616 | Snake:1  | Entered Level 1 of the Snake Pit
 29643 | Snake:1  | Received a gift from Trog
 29840 | Snake:1  | Reached skill level 21 in Axes
 30578 | Snake:1  | Noticed Rupert
 30599 | Snake:1  | Killed Rupert
 30804 | Snake:1  | Upgraded the game from 0.24-a0-120-g429d40e to
                  | 0.24-a0-123-ga2403f3
 30869 | Snake:2  | Reached XP level 17. HP: 132/156 MP: 10/16
 31505 | Snake:2  | Received a gift from Trog
 32275 | Snake:3  | Noticed Bai Suzhen
 32288 | Snake:2  | HP: 5/158 [shock serpent (14)]
 32288 | Snake:2  | Killed from afar by a shock serpent

Levels and vault maps discovered:
D:1:      nagdon_arrival_zigzag_paths
D:2:      nicolae_overflow_crystal_walls
D:3:      grunt_temple_overflow_open, first_ration, minmay_ruptured,
          uniq_terence, uniq_robin
D:4:      kennysheep_six_static_rooms, serial_shops, nicolae_shop_stone,
          nicolae_shop_window_shopping, shop, shop, shop,
          hangedman_decor_opposing, nicolae_tso_carved_into_rock
D:5:      temple_doors_e
D:6:      grunt_temple_overflow_growth_and_decay, minmay_statues_item,
          eino_small_chamber_without_monster, uniq_pikel
D:7:      hangedman_cross_stitches, serial_shops, nicolae_shop_stone,
          the_bakery, nicolae_qazlal_general_emergency
D:8:      grunt_lair_entry_orc_guard_hut, grunt_decor_clamped, trog_book,
          uniq_harold, uniq_erica, uniq_joseph
D:9:      cheibrodos_shockbox
D:10:     kennysheep_orc_sif_temple, enter_trove_5, serial_shops,
          nicolae_shop_behind_doors, basic_altar, minmay_fire_ice_demons,
          uniq_psyche, uniq_fannar, uniq_gastronok, uniq_sonja
D:11:     minmay_orc_entry_temple_small
D:13:     erik_vaults_2, guppyfry_shop_earth
D:14:     chequers_serial_rivers_room_a, serial_shops, nicolae_shop_stone
D:15:     grunt_enter_depths_snipers, basic_altar
Temple:   zaba_magenta_temple
Lair:1:   nicolae_volcano_entry_lava_flow, lemuel_fruit_fields
Lair:2:   minmay_guarded_unrand_snakebite, elwin_shoals_entry_rooms,
          serial_bayou, serial_bayou_pond_e, serial_bayou_shore_b,
          serial_bayou_lagoon_a, serial_bayou_pond_a
Lair:3:   guppyfry_snake_entry_island, infiniplex_staircase_pool
Lair:5:   gammafunk_ghost_split, lemuel_fruit_fields, serial_bayou_shore_a,
          lemuel_fruit_tree, minmay_lair_oklob_chamber
Lair:6:   gammafunk_lair_ancient_temple, dpeg_slime_entry_corner,
          minmay_hedge_maze, grunt_forest_small_clearings
Snake:1:  layout_onion, grunt_megastairs_1, uniq_rupert
Snake:2:  layout_basic, grunt_megastairs_4
Snake:3:  layout_misc_corridors, uniq_bai_suzhen
Orc:1:    basic_altar, uniq_maurice
Orc:2:    st_orc_ogre_mass, serial_shops,
          nicolae_shop_temple_entry_statues_fountains

Skill      XL: |  1  2  3  4  5  6  7  8  9 10 11 12 13 14 15 16 |
---------------+-------------------------------------------------+-----
Axes           | 4 5 6 7 9 11 12 14 16 17 19 21 | 21.6
Fighting       | 4 5 6 7 8 9 11 12 13 14 15 | 15.8
Armour         | 3 4 5 6 8 9 10 12 13 14 15 | 15.7
Dodging        | 3 4 6 7 8 9 11 12 13 14 | 14.5

Action                   |  1- 3 |  4- 6 |  7- 9 | 10-12 | 13-15 | 16-18 || total
-------------------------+-------+-------+-------+-------+-------+-------++-------
Melee: Hand axe          |    76 |   103 |       |       |     5 |     6 ||   190
       Headbutt          |    11 |    24 |    40 |   105 |   111 |   127 ||   418
       War axe           |       |    30 |    58 |       |       |       ||    88
       Broad axe         |       |       |   183 |   217 |       |       ||   400
       Executioner's axe |       |       |       |   312 |   504 |   531 ||  1347
       Scimitar          |       |       |       |     3 |    18 |       ||    21
Invok: Berserk           |       |     2 |     1 |     3 |     2 |     3 ||    11
Evoke: Wand              |       |       |       |       |     2 |       ||     2
  Use: Scroll            |       |     5 |     8 |     5 |    16 |     6 ||    40
       Potion            |       |       |       |       |     5 |     4 ||     9
 Stab: Invisible         |       |       |       |     1 |       |       ||     1
  Eat: Chunk             |     1 |     8 |     9 |    28 |    29 |    12 ||    87
       Ration            |       |       |     1 |     3 |     3 |     3 ||    10
Armor: Leather armour    |    21 |    19 |       |       |       |       ||    40
       Chain mail        |       |    11 |    74 |       |       |       ||    85
       Plate armour      |       |       |    52 |   340 |   381 |   297 ||  1070
Dodge: Dodged            |    64 |    73 |   148 |   424 |   473 |   383 ||  1565
       Rpst.: Scimitar   |       |       |       |       |     2 |       ||     2

Table legend:
 A = Non-vault XP
 B = Vault XP
 C = Vault XP percentage of total XP
 D = Non-vault monster count
 E = Vault monster count
 F = Vault count percentage of total count
                 A         B        C        D         E       F
            +---------+---------+-------+---------+---------+-------
      Total |  115799 |   67629 |  36.9 |     627 |     197 |  23.9
            +---------+---------+-------+---------+---------+-------
        D:1 |      35 |       0 |   0.0 |      22 |       0 |   0.0
        D:2 |      67 |       0 |   0.0 |      14 |       0 |   0.0
        D:3 |      96 |      93 |  49.2 |      28 |      19 |  40.4
        D:4 |     438 |      49 |  10.1 |      18 |       3 |  14.3
        D:5 |     618 |       0 |   0.0 |      29 |       0 |   0.0
        D:6 |     516 |     617 |  54.5 |      19 |       1 |   5.0
        D:7 |    2491 |     820 |  24.8 |      40 |      12 |  23.1
        D:8 |    2049 |    3166 |  60.7 |      29 |       9 |  23.7
        D:9 |    1380 |     775 |  36.0 |      18 |       1 |   5.3
       D:10 |    3926 |    5593 |  58.8 |      31 |       8 |  20.5
       D:11 |    4341 |    1998 |  31.5 |      19 |      35 |  64.8
       D:12 |    8378 |       0 |   0.0 |      41 |       0 |   0.0
       D:13 |    5217 |    8654 |  62.4 |      27 |      11 |  28.9
       D:14 |   14224 |       0 |   0.0 |      43 |       0 |   0.0
       D:15 |    4056 |    2380 |  37.0 |      15 |       3 |  16.7
     Lair:1 |    3460 |       0 |   0.0 |      12 |       0 |   0.0
     Lair:2 |    3497 |    1693 |  32.6 |      20 |       9 |  31.0
     Lair:3 |    5400 |     483 |   8.2 |      29 |       3 |   9.4
     Lair:4 |    3029 |       0 |   0.0 |       8 |       0 |   0.0
     Lair:5 |    5998 |    5362 |  47.2 |      19 |      10 |  34.5
     Lair:6 |    8786 |   10871 |  55.3 |      36 |      27 |  42.9
    Snake:1 |   14188 |    3509 |  19.8 |      26 |       3 |  10.3
    Snake:2 |   18240 |    1404 |   7.1 |      32 |       2 |   5.9
    Snake:3 |    1389 |       0 |   0.0 |       2 |       0 |   0.0
      Orc:1 |    1506 |   14468 |  90.6 |      30 |      26 |  46.4
      Orc:2 |    2474 |    5313 |  68.2 |      20 |      13 |  39.4
    Volcano |       0 |     381 | 100.0 |       0 |       2 | 100.0
            +---------+---------+-------+---------+---------+-------
